 Dungeon Sprint DCSS version 0.21-a0-522-ga8338f0 (webtiles) character file.

7214 Kidiri the Eclecticist (level 10, -1/67 HPs)
             Began as a Deep Elf Fire Elementalist on Dec 6, 2017.
             Was the Champion of Vehumet.
             Succumbed to a redback's poison
             ... in the Dungeon (Sprint III: "The Ten Rune Challenge").
             The game lasted 00:10:47 (2310 turns).

Kidiri the Eclecticist (Deep Elf Fire Elementalist) Turns: 2310, Time: 00:10:48

Health: -1/67      AC:  2    Str:  5    XL:     10   Next: 87%
Magic:  6/34       EV: 18    Int: 24    God:    Vehumet [******]
Gold:   32         SH:  0    Dex: 15    Spells: 18/45 levels left

rFire    . . .     SeeInvis .   t - +0 dagger
rCold    . . .     Gourm    .   (no shield)
rNeg     . . .     Faith    .   e - +0 robe (curse)
rPois    .         Spirit   .   (helmet restricted)
rElec    .         Reflect  .   (no cloak)
rCorr    .         Harm     .   (no gloves)
MR       +....     NoTele   +   (no boots)
Stlth    ++........             (no amulet)
HPRegen  0.21/turn              (no ring)
MPRegen  0.24/turn              (no ring)

@: lethally poisoned (-1 -> -35)
A: antennae 1, claws 1, blink, robust 1, evolution 1
a: Blink, Renounce Religion


You were in the Dungeon.
You worshipped Vehumet.
Vehumet was exalted by your worship.
You were not hungry.

You visited 1 branch You collected 32 gold pieces.

Inventory:

Hand Weapons
 b - a +1 long sword of holy wrath
 t - a +0 dagger (weapon)
Missiles
 i - a throwing net (quivered)
Armour
 a - a +0 robe
 e - a cursed +0 robe (worn)
Wands
 k - a wand of random effects (36)
Scrolls
 n - a scroll of torment
 o - 2 scrolls of identify
 p - a scroll of holy word
 q - a scroll of remove curse
Potions
 f - 2 potions of haste
 g - 2 potions of magic
 h - 2 potions of berserk rage
 m - a potion of mutation
Comestibles
 c - 3 bread rations
 j - 19 royal jellies
 l - 2 chunks of flesh


   Skills:
 + Level 6.3 Fighting
 + Level 7.7 Short Blades
 + Level 6.2 Armour
 + Level 9.5 Dodging
 - Level 2.4 Stealth
 * Level 18.3 Spellcasting
 + Level 11.6 Conjurations
 + Level 12.0 Fire Magic
 + Level 5.2 Earth Magic


You had 18 spell levels left.
You knew the following spells:

 Your Spells              Type           Power        Failure   Level  Hunger
a - Flame Tongue          Conj/Fire      #####        0%          1    None
b - Throw Flame           Conj/Fire      ######       1%          2    None
c - Conjure Flame         Conj/Fire      ######..     1%          3    None
d - Inner Flame           Hex/Fire       ######..     1%          3    None
e - Sticky Flame          Conj/Fire      ######..     1%          4    None
f - Fireball              Conj/Fire      ######....   1%          5    None
g - Stone Arrow           Conj/Erth      ######       1%          3    None
h - Iron Shot             Conj/Erth      ######....   3%          6    ###....


Dungeon Overview and Level Annotations

Branches:
Dungeon (1/1)

Altars:
Cheibriados
Dithmenos
Elyvilon
Fedhas
Gozag
Hepliaklqana
Kikubaaqudgha
Makhleb
Nemelex Xobeh
Okawaru
Qazlal
Ru
Sif Muna
Trog
Uskayaw
Vehumet
Wu Jian
Xom
Yredelemnul
Zin
The Shining One
Beogh
Jiyva
Lugonu

Annotations:
D exclusion: 2 doors


Innate Abilities, Weirdness & Mutations

You have a pair of small antennae on your head.
You have sharp fingernails.
You can translocate small distances at will.
You are robust. (+10% HP)
You evolve.


Message History

You kill the redback!
Vehumet accepts your kill.
You feel your power returning.
* * * LOW HITPOINT WARNING * * *
You feel very sick.
Unknown command.
Okay, then.
Okay, then.
* * * LOW HITPOINT WARNING * * *
You feel very sick.
Things that are here:
a redback corpse; a lindwurm corpse Butcher a lindwurm corpse? [(y)es/(c)hoosy/(n)o/(a)ll/(e)dible/(q)uit/?]
You butcher the lindwurm corpse.
You stop butchering the corpse.
* * * LOW HITPOINT WARNING * * *
You feel very sick.
Unknown command.
* * * LOW HITPOINT WARNING * * *
You feel very sick.
You die...

+♣♣%♣≈≈≈≈≈≈≈≈≈≈≈≈♣♣P.'
#.≈♣♣♣♣♣♣♣♣♣♣♣♣♣♣♣♣PP#
#..♣♣ ♣♣♣# ###'♣
♣♣♣♣%# ♣...## ♣♣.##. {
♣..#.## ♣♣.##@#
♣♣.##.# ♣.....#
#######


There were no monsters in sight!

Vanquished Creatures
  Erolcha (D)
  A lindwurm (D)
  A deep elf mage (D)
  2 spiny frogs (D)
  A komodo dragon (D)
  3 wandering mushrooms (D)
  A queen bee (D)
  2 tyrant leeches (D)
  4 redbacks (D)
  A shadow (D)
  A spatial vortex (D)
  A necrophage (D)
  5 two-headed ogres (D)
  A water elemental (D)
  32 killer bees (D)
  A jelly (D)
  Jessica (D)
  A wizard (D)
  A necromancer (D)
  3 humans (D)
  A kobold demonologist (D)
  A wolf (D)
  2 oozes (D)
  A rat (D)
69 creatures vanquished.

Vanquished Creatures (others)
  2 draconian scorchers (D)
  6 hellions (D)
  2 yaktaurs (D)
  2 plants (D)
12 creatures vanquished.

Grand Total: 81 creatures vanquished

Notes
Turn   | Place    | Note
-------+----------+-------------------------------------------
     0 | D        | Kidiri the Deep Elf Fire Elementalist began the quest for the Orb.
     0 | D        | Reached XP level 1. HP: 10/10 MP: 6/6
     3 | D        | Reached skill level 4 in Spellcasting
    37 | D        | Reached XP level 2. HP: 12/15 MP: 2/9
    98 | D        | Killed a hellion
   100 | D        | Learned a level 2 spell: Throw Flame
   110 | D        | Noticed Jessica
   114 | D        | Reached skill level 5 in Spellcasting
   118 | D        | Killed Jessica
   118 | D        | Reached skill level 6 in Spellcasting
   118 | D        | Reached XP level 3. HP: 16/19 MP: 4/13
   123 | D        | Learned a level 3 spell: Conjure Flame
   127 | D        | Learned a level 3 spell: Inner Flame
   135 | D        | Killed a hellion
   137 | D        | Killed a hellion
   138 | D        | Killed a hellion
   140 | D        | Killed a hellion
   160 | D        | Killed a hellion
   186 | D        | Killed a yaktaur
   195 | D        | Reached skill level 7 in Spellcasting
   195 | D        | Reached skill level 5 in Fire Magic
   213 | D        | Gained mutation: You are frail. (-10% HP) [potion of mutation]
   213 | D        | Gained mutation: You are agile. (Dex +2) [potion of mutation]
   213 | D        | Gained mutation: Your flesh is heat resistant. (rF+) [potion of mutation]
   214 | D        | Lost mutation: You are frail. (-10% HP) [potion of mutation]
   214 | D        | Lost mutation: Your flesh is heat resistant. (rF+) [potion of mutation]
   214 | D        | Lost mutation: You are agile. (Dex +2) [potion of mutation]
   214 | D        | Gained mutation: Your magical capacity is low. (-10% MP) [potion of mutation]
   214 | D        | Gained mutation: You can translocate small distances at will. [potion of mutation]
   215 | D        | Lost mutation: Your magical capacity is low. (-10% MP) [potion of mutation]
   215 | D        | Lost mutation: You can translocate small distances at will. [potion of mutation]
   215 | D        | Gained mutation: Your skin changes colour to match your surroundings (Stealth+). [potion of mutation]
   215 | D        | Gained mutation: You are resistant to hostile enchantments. (MR+) [potion of mutation]
   216 | D        | Lost mutation: You are resistant to hostile enchantments. (MR+) [potion of mutation]
   216 | D        | Lost mutation: Your skin changes colour to match your surroundings (Stealth+). [potion of mutation]
   216 | D        | Gained mutation: You have a somewhat thin skeletal structure. (Dex +2, Stealth) [potion of mutation]
   216 | D        | Gained mutation: You can translocate small distances at will. [potion of mutation]
   216 | D        | Gained mutation: You are robust. (+10% HP) [potion of mutation]
   217 | D        | Lost mutation: You have a somewhat thin skeletal structure. (Dex +2, Stealth) [potion of mutation]
   217 | D        | Gained mutation: You have sharp fingernails. [potion of mutation]
   217 | D        | Gained mutation: You have a pair of small antennae on your head. [potion of mutation]
   217 | D        | Gained mutation: You evolve. [potion of mutation]
   228 | D        | Killed a white draconian scorcher
   309 | D        | Killed a white draconian scorcher
   432 | D        | Reached XP level 4. HP: 21/26 MP: 4/15
   441 | D        | Learned a level 4 spell: Sticky Flame
   523 | D        | Noticed a water elemental
   526 | D        | Killed a water elemental
   526 | D        | Reached skill level 9 in Spellcasting
   526 | D        | Reached skill level 5 in Conjurations
   569 | D        | Found a radiant altar of Vehumet.
   570 | D        | Noticed a wizard
   570 | D        | Found a deep blue altar of Sif Muna.
   570 | D        | Found an ancient bone altar of Kikubaaqudgha.
   573 | D        | Killed a wizard
   573 | D        | Reached XP level 5. HP: 30/30 MP: 10/19
   573 | D        | Reached skill level 10 in Spellcasting
   579 | D        | Became a worshipper of Vehumet
   586 | D        | Learned a level 5 spell: Fireball
   651 | D        | Found a glowing silver altar of Zin.
   652 | D        | Found a glowing golden altar of the Shining One.
   652 | D        | Found a white marble altar of Elyvilon.
   652 | D        | Noticed a deep elf mage
   659 | D        | Killed a deep elf mage
   659 | D        | Reached skill level 13 in Spellcasting
   659 | D        | Reached XP level 6. HP: 22/35 MP: 11/24
   659 | D        | Reached XP level 7. HP: 25/39 MP: 11/26
   774 | D        | Found an ornate altar of the Wu Jian Council.
   774 | D        | Found a roughly hewn altar of Beogh.
   774 | D        | Found an iron altar of Okawaru.
   774 | D        | Found a bloodstained altar of Trog.
   774 | D        | Found a hide-covered altar of Uskayaw.
   774 | D        | Noticed a human
   779 | D        | Noticed a human
   782 | D        | Killed a human
   782 | D        | Killed a human
   782 | D        | Reached skill level 1 in Fighting
   782 | D        | Reached skill level 1 in Short Blades
   782 | D        | Reached skill level 1 in Armour
   782 | D        | Reached skill level 14 in Spellcasting
   782 | D        | Reached * piety under Vehumet
   782 | D        | Offered knowledge of Magic Dart by Vehumet.
   843 | D        | Found a basalt altar of Yredelemnul.
   843 | D        | Found a shadowy altar of Dithmenos.
   843 | D        | Found a sacrificial altar of Ru.
   884 | D        | Noticed a shadow
   885 | D        | Killed a shadow
   885 | D        | Reached ** piety under Vehumet
   885 | D        | Reached XP level 8. HP: 47/47 MP: 19/28
   924 | D        | Found a blossoming altar of Fedhas.
   924 | D        | Found a stormy altar of Qazlal.
   924 | D        | Found a snail-covered altar of Cheibriados.
   924 | D        | Found a burning altar of Makhleb.
   924 | D        | Found a shimmering altar of Xom.
   925 | D        | Found a hazy altar of Hepliaklqana.
   925 | D        | Found an opulent altar of Gozag.
   925 | D        | Found a sparkling altar of Nemelex Xobeh.
   925 | D        | Found a corrupted altar of Lugonu.
   925 | D        | Found a viscous altar of Jiyva.
   945 | D        | Offered knowledge of Sting by Vehumet.
  1030 | D        | Reached skill level 5 in Dodging
  1030 | D        | Reached skill level 15 in Spellcasting
  1039 | D        | Reached *** piety under Vehumet
  1039 | D        | Reached skill level 10 in Fire Magic
  1141 | D        | Noticed a two-headed ogre
  1154 | D        | Killed a two-headed ogre
  1154 | D        | Offered knowledge of Dazzling Spray by Vehumet.
  1214 | D        | Noticed a two-headed ogre
  1214 | D        | Noticed Erolcha
  1219 | D        | Killed Erolcha
  1219 | D        | Reached skill level 5 in Short Blades
  1219 | D        | Reached skill level 16 in Spellcasting
  1219 | D        | Reached skill level 10 in Conjurations
  1219 | D        | Reached XP level 9. HP: 55/55 MP: 18/31
  1229 | D        | Killed a two-headed ogre
  1229 | D        | Reached **** piety under Vehumet
  1486 | D        | Offered knowledge of Stone Arrow by Vehumet.
  1537 | D        | Learned a level 3 spell: Stone Arrow
  1764 | D        | Killed a yaktaur
  1830 | D        | Noticed a queen bee
  1830 | D        | Offered knowledge of Iskenderun's Battlesphere by Vehumet.
  1834 | D        | Reached ***** piety under Vehumet
  1834 | D        | Reached skill level 1 in Earth Magic
  1837 | D        | Reached ****** piety under Vehumet
  1837 | D        | Reached skill level 5 in Armour
  1837 | D        | Reached skill level 17 in Spellcasting
  1838 | D        | Killed a queen bee
  1838 | D        | Reached skill level 5 in Fighting
  1838 | D        | Reached XP level 10. HP: 57/62 MP: 19/33
  1971 | D        | Offered knowledge of Iron Shot by Vehumet.
  1979 | D        | Learned a level 6 spell: Iron Shot
  2068 | D        | Noticed a spiny frog
  2068 | D        | Noticed a spiny frog
  2071 | D        | Killed a spiny frog
  2073 | D        | Killed a spiny frog
  2076 | D        | Reached skill level 18 in Spellcasting
  2297 | D        | Noticed a lindwurm
  2300 | D        | Killed a lindwurm
  2300 | D        | Reached skill level 5 in Earth Magic
  2309 | D        | HP: 1/67 [poisoned by a redback]
  2310 | D        | Succumbed to a redback's poison

Vault maps used:
D:        dungeon_sprint_mu

Skill      XL: |  1  2  3  4  5  6  7  8  9 10 |
---------------+-------------------------------+-----
Spellcasting   | 4 6 7 9 13 14 16 17 18 | 18.3
Conjurations   | 2 3 4 5 8 9 10 11 | 11.6
Fire Magic     | 4 5 6 9 10 11 12 | 12.0
Fighting       | 2 4 5 6 |  6.3
Short Blades   | 3 5 6 7 |  7.7
Armour         | 2 4 5 6 |  6.2
Dodging        | 4 6 8 9 |  9.5
Earth Magic    | 2 5 |  5.2
Stealth        | |  2.4

Action                   |  1- 3 |  4- 6 |  7- 9 | 10-12 || total
-------------------------+-------+-------+-------+-------++-------
Melee: Mace              |       |     2 |       |       ||     2
       Long sword        |       |       |     6 |       ||     6
       Dagger            |       |       |     2 |     1 ||     3
 Cast: Flame Tongue      |    23 |     8 |    69 |    34 ||   134
       Sticky Flame      |       |     3 |     8 |     5 ||    16
       Conjure Flame     |       |     1 |     8 |     3 ||    12
       Inner Flame       |       |       |     6 |     6 ||    12
       Fireball          |       |       |     3 |       ||     3
       Iron Shot         |       |       |       |    10 ||    10
  Use: Potion            |     6 |       |       |     1 ||     7
       Scroll            |     3 |       |     1 |       ||     4
  Eat: Chunk             |       |       |     1 |       ||     1
       Royal jelly       |       |       |     1 |     1 ||     2
Armor: Robe              |       |     2 |     1 |       ||     3
Dodge: Dodged            |     6 |     3 |    14 |     7 ||    30
       Rpst.: Long sword |       |       |     2 |       ||     2

Table legend:
 A = Spawn XP
 B = Non-spawn XP
 C = Spawn XP percentage of total XP
 D = Spawn monster count
 E = Non-spawn monster count
 F = Spawn count percentage of total count
 G = Total turns spent on level
                    A         B        C        D         E        F      G
               +---------+---------+-------+---------+---------+-------+---------
         Total |       0 |   10306 |   0.0 |       0 |      69 |   0.0 |  2310
               +---------+---------+-------+---------+---------+-------+---------
             D |       0 |   10306 |   0.0 |       0 |      69 |   0.0 |  2310
               +---------+---------+-------+---------+---------+-------+---------
